 Dungeon Crawl Stone Soup version 0.17-a0-1646-geb1493d (webtiles) character file.

9998 Kidiri the Thaumaturge (level 11, 0/54 HPs)
             Began as a Deep Elf Conjurer on Aug 10, 2015.
             Was a High Priest of Vehumet.
             Slain by a manticore (12 damage)
             ... on level 11 of the Dungeon.
             The game lasted 01:29:18 (16709 turns).

Kidiri the Thaumaturge (Deep Elf Conjurer)         Turns: 16709, Time: 01:29:18

Health: 0/54       AC:  9    Str:  5    XL:     11   Next: 30%
Magic:  3/27       EV: 17    Int: 24    God:    Vehumet [*****.]
Gold:   697        SH:  0    Dex: 19    Spells: 11 memorised, 2 levels left

rFire  . . .     SeeInvis .     k - +3 dagger (venom)
rCold  + . .     Clarity  +     r - +2 robe {rC+}
rNeg   . . .     SustAt   +     (no shield)
rPois  .         Gourm    .     d - +2 hat
rElec  +         Spirit   .     l - +2 cloak
rCorr  .         Warding  .     j - +1 pair of gloves
rMut   .         Stasis   .     e - -2 pair of boots of Honesty {rElec Dex+2}
MR     +....                    p - amulet of clarity
Stlth  ++++......               o - ring of flight
                                t - ring of sustain attributes

@: somewhat resistant to hostile enchantments, stealthy
A: thin skeletal structure 1, blink 1, deformed body, deterioration 2, frail 1
a: Blink, Renounce Religion, Evoke Flight


You were on level 11 of the Dungeon.
You worshipped Vehumet.
Vehumet was extremely pleased with you.
You were not hungry.

You visited 2 branches of the dungeon, and saw 12 of its levels.

You collected 697 gold pieces.

Inventory:

Hand weapons
 k - a +3 dagger of venom (weapon)
Armour
 d - a +2 hat (worn)
 e - the -2 pair of boots of Honesty (worn) {rElec Dex+2}
   (You found it on level 5 of the Dungeon)

   It affects your dexterity (+2).
   It insulates you from electricity.
 j - a +1 pair of gloves (worn)
 l - a +2 cloak (worn)
 r - a +2 robe of cold resistance (worn)
Jewellery
 h - an uncursed ring of fire
 o - a ring of flight (right hand)
 p - an amulet of clarity (around neck)
 t - a ring of sustain attributes (left hand)
Magical devices
 a - a wand of confusion (18)
 b - a wand of confusion (12)
 f - a wand of slowing (22)
 u - a wand of lightning (8)
 A - a wand of teleportation (9)
Scrolls
 i - 4 scrolls of teleportation
 m - 9 scrolls of remove curse
 n - 2 scrolls of magic mapping
 y - a scroll of blinking
 z - a scroll of enchant armour
Potions
 q - a potion of cancellation
 s - 2 potions of agility
Books
 x - a book of Minor Magic

   Spells                             Type                      Level
   a - Magic Dart                     Conjuration                  1
   b - Blink                          Translocation                2
   c - Call Imp                       Summoning                    2
   d - Repel Missiles                 Charms/Air                   2
   e - Slow                           Hexes                        2
   f - Conjure Flame                  Conjuration/Fire             3
   g - Mephitic Cloud                 Conjuration/Poison/Air       3
Comestibles
 c - 4 bread rations
 v - a slice of pizza
 w - 2 meat rations
 B - 4 chunks of flesh


   Skills:
 + Level 4.2 Fighting
 + Level 5.3 Short Blades
 + Level 6.9 Dodging
 + Level 7.6 Stealth
 * Level 10.8 Spellcasting
 + Level 7.8 Conjurations
 + Level 7.6 Hexes
 + Level 5.8 Charms
 + Level 2.3 Summonings
 + Level 2.3 Translocations
 + Level 3.4 Ice Magic
 + Level 2.4 Air Magic
 + Level 4.5 Evocations


You had 2 spell levels left.
You knew the following spells:

 Your Spells              Type           Power        Failure   Level  Hunger
a - Magic Dart            Conj           ####         1%          1    None
b - Searing Ray           Conj           ######       1%          2    None
c - Dazzling Spray        Conj/Hex       ######..     1%          3    None
d - Iskenderun's Mystic   Conj           ######..     1%          4    None
e - Fulminant Prism       Conj/Hex       ######....   1%          4    None
f - Iskenderun's Battles  Conj/Chrm      #####...     2%          5    ####...
g - Call Imp              Summ           ###.....     2%          2    None
h - Throw Frost           Conj/Ice       #####.       1%          2    None
i - Slow                  Hex            #####...     1%          2    None
j - Repel Missiles        Chrm/Air       ####..       1%          2    None
k - Blink                 Tloc           N/A          2%          2    None


Dungeon Overview and Level Annotations

Branches:
Dungeon (11/15)            Temple (1/1) D:5            Lair (0/8) D:11
    Orc (0/4) D:11

Altars:
Ashenzari
Cheibriados
Dithmenos
Elyvilon
Fedhas
Gozag
Kikubaaqudgha
Makhleb
Nemelex Xobeh
Okawaru
Qazlal
Ru
Sif Muna
Trog
Vehumet
Xom
Yredelemnul
Zin
The Shining One

Shops:
D:5 ?   D:8 =   D:10 %

Annotations:
D:5 CipHuK's ghost, experienced OgHu


Innate Abilities, Weirdness & Mutations

You have a somewhat thin skeletal structure (Dex +2, Stealth).
You can translocate small distances at will.
Armour fits poorly on your strangely shaped body.
Your body often deteriorates upon taking damage.
You are frail (-10% HP).


Message History

Drink which item? (? for menu, Esc to quit)
You feel better. The troll zombie bites you.
The troll zombie barely misses you. The troll zombie claws you.
You hit the troll zombie. You hit the troll zombie.
The troll zombie bites you but does no damage.
The troll zombie closely misses you.
The troll zombie claws you but does no damage.
You hit the troll zombie.
You destroy the troll zombie!
Vehumet accepts your kill.
You feel your power returning. The manticore bites you!
* * * LOW HITPOINT WARNING * * *
Your body deteriorates!
You feel weakened for a moment. The manticore misses you.
The manticore completely misses you.
You hit the manticore but do no damage. The manticore closely misses you.
The manticore misses you. The manticore claws you!
You die...

#.#...#.###.....###
...............##
#.......####.#.# #
####..######.#.## .#
##.....>..##)###.#
#####.#####........H#
#.........#.####.####
#.###.###.#.# #H#
#.>.#.#.# #@#
#.#.#.#.# #.#
.###.#.#.#.# #.#
#...........# #..
........##### ####
######### # #


You could see a manticore.

Vanquished Creatures
  Pikel (D:5)
  An ugly thing (D:11)
  The ghost of CipHuK the Basher, an experienced OgHu (D:8)
  A manticore (D:11)
  An orange crystal statue (D:8)
  A wyvern (D:8)
  A deep elf mage (D:4)
  3 hungry ghosts
  3 wargs (D:11)
  A hippogriff (D:11)
  Duvessa (D:7)
  6 orc warriors
  2 ice beasts (D:6)
  4 centaurs
  An eye of draining (D:10)
  2 sky beasts
  4 slaves (D:5)
  3 ogres
  5 phantoms
  A necrophage (D:6)
  A big kobold (D:8)
  3 wyvern skeletons
  4 scorpions
  8 giant frogs
  Dowan (D:7)
  A troll zombie (D:11)
  18 killer bees
  A jelly (D:10)
  7 crimson imps
  3 wights (D:6)
  20 orc wizards
  A quasit (D:11)
  8 hounds
  3 centaur skeletons
  2 giant frog zombies
  Crazy Yiuf (D:7)
  5 orc priests
  A giant frog skeleton (D:9)
  6 iguanas
  4 worker ants
  A statue (D:5)
  5 ogre zombies (D:11)
  A worker ant zombie (D:8)
  2 hound skeletons
  A mummy (D:6)
  13 adders
  8 gnolls
  2 adder skeletons
  An adder zombie (D:5)
  8 giant geckos
  47 orcs
  A ball python (D:4)
  12 bats
  2 giant cockroaches
  17 goblins
  11 hobgoblins
  19 jackals
  12 kobolds
  9 quokkas
  A giant gecko skeleton (D:7)
  9 giant newts
  3 goblin zombies (D:11)
  3 hobgoblin skeletons (D:11)
  4 hobgoblin zombies (D:11)
  A jackal zombie (D:7)
  2 orc skeletons (D:11)
  11 orc zombies (D:11)
  A quokka skeleton (D:4)
  10 rats
358 creatures vanquished.

Vanquished Creatures (collateral kills)
  A black bear (D:9)
  A centaur skeleton (D:10)
2 creatures vanquished.

Vanquished Creatures (others)
  An orc (D:10)
  A quokka (D:10)
  24 fulminant prisms
26 creatures vanquished.

Grand Total: 386 creatures vanquished

Notes
Turn   | Place    | Note
--------------------------------------------------------------
     0 | D:1      | Kidiri the Deep Elf Conjurer began the quest for the Orb.
     0 | D:1      | Reached XP level 1. HP: 10/10 MP: 6/6
   331 | D:1      | Reached XP level 2. HP: 14/16 MP: 4/8
   423 | D:1      | Learned a level 2 spell: Searing Ray
   949 | D:1      | Reached XP level 3. HP: 18/20 MP: 4/9
   954 | D:1      | Learned a level 3 spell: Dazzling Spray
  1290 | D:2      | Found a faded altar to an unknown god.
  1298 | D:2      | Found a blossoming altar of Fedhas.
  1562 | D:2      | Reached XP level 4. HP: 20/24 MP: 6/11
  1665 | D:2      | Learned a level 4 spell: Iskenderun's Mystic Blast
  2100 | D:2      | Reached skill level 1 in Fighting
  2350 | D:2      | Reached skill level 1 in Short Blades
  2669 | D:3      | Reached skill level 5 in Conjurations
  2774 | D:3      | Reached XP level 5. HP: 25/29 MP: 11/13
  2904 | D:3      | Reached skill level 1 in Hexes
  3688 | D:3      | Found a bloodstained altar of Trog.
  3999 | D:4      | Noticed an ogre
  4016 | D:4      | Killed an ogre
  4016 | D:4      | Reached XP level 6. HP: 34/34 MP: 3/15
  4022 | D:4      | Learned a level 4 spell: Fulminant Prism
  4264 | D:4      | Reached skill level 5 in Spellcasting
  4573 | D:4      | Noticed a phantom
  4594 | D:4      | Killed a phantom
  5195 | D:4      | Reached XP level 7. HP: 38/38 MP: 17/17
  5348 | D:4      | Noticed a deep elf mage
  5401 | D:4      | Killed a deep elf mage
  5401 | D:4      | Reached skill level 6 in Spellcasting
  6094 | D:5      | Entered Level 5 of the Dungeon
  6094 | D:5      | Noticed CipHuK's ghost (experienced OgHu)
  6254 | D:5      | Found a staircase to the Ecumenical Temple.
  6268 | Temple   | Entered the Ecumenical Temple
  6655 | D:5      | Noticed Pikel
  6705 | D:5      | Killed Pikel
  6705 | D:5      | Reached skill level 5 in Dodging
  6705 | D:5      | Reached skill level 5 in Stealth
  6705 | D:5      | Reached skill level 7 in Spellcasting
  6705 | D:5      | Reached XP level 8. HP: 6/45 MP: 2/21
  7147 | D:5      | Learned a level 5 spell: Iskenderun's Battlesphere
  7458 | D:5      | Got a pair of distressingly furry boots
  7464 | D:5      | Identified the cursed -2 pair of boots of Honesty {rElec Dex+2} (You found it on level 5 of the Dungeon)
  7664 | D:5      | Reached skill level 1 in Charms
  7870 | D:5      | Found Nosmurr's Magic Scroll Shoppe.
  7927 | D:5      | Found a radiant altar of Vehumet.
  7943 | D:5      | Became a worshipper of Vehumet
  8151 | D:6      | Reached skill level 5 in Hexes
  8383 | D:6      | Reached skill level 1 in Evocations
  8461 | D:6      | Reached skill level 8 in Spellcasting
  8472 | D:6      | Reached XP level 9. HP: 41/49 MP: 14/23
  9317 | D:6      | Found a snail-covered altar of Cheibriados.
  9465 | D:7      | Noticed Duvessa
  9465 | D:7      | Noticed Dowan
  9476 | D:7      | Killed Dowan
  9476 | D:7      | Acquired Vehumet's first power
  9476 | D:7      | Offered knowledge of Freeze by Vehumet.
  9482 | D:7      | Killed Duvessa
  9801 | D:7      | Gained mutation: Your body sometimes deteriorates upon taking damage. [mutagenic meat]
  9802 | D:7      | Gained mutation: Armour fits poorly on your strangely shaped body. [mutagenic meat]
  9803 | D:7      | Gained mutation: You can translocate small distances at will. [mutagenic meat]
 10162 | D:7      | Reached skill level 9 in Spellcasting
 10166 | D:7      | Learned a level 1 spell: Freeze
 10654 | D:7      | Noticed Crazy Yiuf
 10658 | D:7      | Killed Crazy Yiuf
 10739 | D:7      | Offered knowledge of Throw Frost by Vehumet.
 10739 | D:7      | Reached skill level 1 in Ice Magic
 10743 | D:7      | Learned a level 2 spell: Throw Frost
 11232 | D:8      | Found Reviewon's Jewellery Emporium.
 11574 | D:8      | Reached XP level 10. HP: 56/56 MP: 21/25
 11587 | D:8      | Found a shattered altar of Ashenzari.
 11631 | D:8      | Killed CipHuK's ghost
 12113 | D:8      | Noticed an orange crystal statue
 12172 | D:8      | Killed an orange crystal statue
 12566 | D:8      | Learned a level 2 spell: Slow
 12569 | D:8      | Learned a level 2 spell: Repel Missiles
 12572 | D:8      | Learned a level 2 spell: Blink
 13418 | D:9      | Found an opulent altar of Gozag.
 13418 | D:9      | Found a white marble altar of Elyvilon.
 13476 | D:9      | Offered knowledge of Static Discharge by Vehumet.
 13479 | D:9      | Reached skill level 5 in Short Blades
 13720 | D:10     | Entered Level 10 of the Dungeon
 13902 | D:10     | Reached skill level 1 in Translocations
 13931 | D:10     | Reached skill level 5 in Charms
 13931 | D:10     | Reached skill level 1 in Air Magic
 14115 | D:10     | Found Jihippips's Food Shoppe.
 14245 | D:10     | Reached skill level 10 in Spellcasting
 14394 | D:10     | Acquired Vehumet's second power
 14530 | D:10     | Learned a level 2 spell: Call Imp
 14947 | D:10     | Found a white marble altar of Elyvilon.
 15665 | D:11     | Reached skill level 1 in Summonings
 15682 | D:11     | Offered knowledge of Ignite Poison by Vehumet.
 15692 | D:11     | Found a staircase to the Lair.
 15834 | D:11     | Noticed a manticore
 15840 | D:11     | Killed a manticore
 15840 | D:11     | Reached XP level 11. HP: 31/61 MP: 14/27
 16191 | D:11     | Noticed a purple ugly thing
 16206 | D:11     | Killed a purple ugly thing
 16213 | D:11     | Gained mutation: Your body often deteriorates upon taking damage. [mutagenic meat]
 16214 | D:11     | Gained mutation: You have a somewhat thin skeletal structure (Dex +2, Stealth). [mutagenic meat]
 16215 | D:11     | Gained mutation: You are frail (-10% HP). [mutagenic meat]
 16542 | D:11     | Acquired Vehumet's third power
 16556 | D:11     | Offered knowledge of Lightning Bolt by Vehumet.
 16606 | D:11     | Found a staircase to the Orcish Mines.
 16695 | D:11     | Noticed a manticore
 16709 | D:11     | Slain by a manticore

Vault maps used:
D:1:      onia_arrival_handbag, nrook_uturn, bh_walls_and_bars
D:2:      fedhas_altar_2, ecumenical_altar_1, kennysheep_generic_room_14
D:3:      bloody_trog, serial_glass, glass_columns_c, glass_columns_b
D:5:      vehumet_statue, minmay_temple_entry_trees, first_bread, serial_shops,
          shop_scrolls, minmay_holes, uniq_pikel
D:6:      slow_altar_2, hangedman_decor_slide_cut, roderic_lattice_a,
          hangedman_abyss_or_decor_stabs, kennysheep_generic_room_8
D:7:      uniq_crazy_yiuf_cottage, uniq_duvessa
D:8:      minmay_separated_statues, overflow_temple_1_default, serial_shops,
          shop
D:9:      gammafunk_temple_overflow_wave
D:10:     serial_shops, nicolae_shop_waterfront, elyvilon_altar_4
D:11:     erik_lair_orcish_takeover, zombieorc2_lemuel
Temple:   dpeg_five_rooms_temple_12

Action                   |  1- 3 |  4- 6 |  7- 9 | 10-12 || total
-------------------------+-------+-------+-------+-------++-------
Melee: Short sword       |     7 |     8 |       |       ||    15
       Dagger            |       |    93 |   267 |   309 ||   669
 Cast: Magic Dart        |    71 |    58 |   100 |   113 ||   342
       Dazzling Spray    |       |     8 |    49 |    71 ||   128
       Iskenderun's Myst |       |     1 |       |       ||     1
       Fulminant Prism   |       |       |    12 |    12 ||    24
       Iskenderun's Batt |       |       |     5 |    14 ||    19
       Searing Ray       |       |       |     1 |       ||     1
       Call Imp          |       |       |       |     3 ||     3
       Throw Frost       |       |       |       |     1 ||     1
Evoke: Wand              |       |       |     1 |       ||     1
  Use: Scroll            |     6 |     4 |    10 |     6 ||    26
       Potion            |     2 |     2 |     4 |     4 ||    12
 Stab: Sleeping          |     3 |     8 |    12 |     8 ||    31
       Invisible         |       |       |     8 |     3 ||    11
  Eat: Chunk             |     2 |     3 |     4 |    15 ||    24
       Meat ration       |       |     2 |     1 |       ||     3
       Pizza             |       |     1 |       |       ||     1
       Beef jerky        |       |     1 |       |       ||     1
       Bread ration      |       |       |     3 |     1 ||     4
       Fruit             |       |       |       |     2 ||     2
